 Dungeon Crawl Stone Soup version 0.26.1-12-g5ba1501909 (webtiles) character file.

Game seed: 5542990699532023451

5693 Zeld the Geomancer (level 10, -24/59 HPs)
             Began as a Gargoyle Earth Elementalist on Oct 7, 2021.
             Annihilated by a boulder beetle (41 damage)
             ... on level 11 of the Dungeon.
             The game lasted 00:16:46 (12140 turns).

Zeld the Geomancer (Gargoyle Earth Elementalist)   Turns: 12140, Time: 00:16:47

Health: -24/59     AC: 11    Str: 11    XL:     10   Next: 76%
Magic:  1/29       EV: 13    Int: 20    God:
Gold:   279        SH:  4    Dex: 10    Spells: 7/22 levels left

rFire    . . .     SeeInvis .   a - +3 mace (holy)
rCold    . . .     Faith    .   x - +0 buckler
rNeg     + . .     Spirit   .   y - +1 robe of Resonance {*Contam Will++ MP+9} (curse)
rPois    ∞         Reflect  .   (no helmet)
rElec    +         Harm     .   u - scarf {repulsion}
rCorr    .         Rampage  .   l - +0 pair of gloves
Will     ++...                  (no boots)
Stlth    +++.......             (no amulet)
HPRegen  0.19/turn              (no ring)
MPRegen  0.21/turn              (no ring)

@: repel missiles
A: negative energy resistance 1, electricity resistance, unbreathing,
petrification resistance, miasma immunity, AC +7
a: no special abilities


You were on level 11 of the Dungeon.
You visited 2 branches of the dungeon, and saw 11 of its levels.

You collected 687 gold pieces.
You spent 408 gold pieces at shops.

Inventory:

Hand Weapons
 a - a +3 mace of holy wrath (weapon)
Missiles
 I - 70 stones (quivered)
Armour
 l - a +0 pair of gloves (worn)
 u - a scarf of repulsion (worn)
 x - a +0 buckler (worn)
 y - the cursed +1 robe of Resonance (worn) {*Contam Will++ MP+9}
   (You bought it in a shop on level 5 of the Dungeon)

   It affects your willpower, your defense against some magical effects.
   It affects your magic capacity (+9).
   It causes magical contamination when unequipped.
   It has a curse placed upon it.
Jewellery
 o - an uncursed ring of stealth {unknown}
 s - a +4 ring of protection {unknown}
 w - an uncursed ring of protection from fire {unknown}
 D - an uncursed ring of stealth {unknown}
 N - an uncursed amulet of the acrobat {unknown}
Wands
 v - a wand of digging (7)
Scrolls
 c - a scroll of fog {unknown}
 d - 3 scrolls of enchant weapon {unknown}
 f - 4 scrolls of teleportation {unknown}
 g - 2 scrolls of immolation {unknown}
 j - 10 scrolls of remove curse {unknown}
 m - 16 scrolls of identify {unknown}
 n - 2 scrolls of enchant armour {unknown}
 r - 3 scrolls of fear {unknown}
 t - a scroll of magic mapping {unknown}
 A - a scroll of amnesia {unknown}
 F - a scroll of random uselessness {unknown}
 J - a scroll of vulnerability {unknown}
 K - a scroll of acquirement {unknown}
 M - a scroll of noise {unknown}
Potions
 b - a potion of magic {unknown}
 e - 6 potions of haste {unknown}
 h - 3 potions of flight {unknown}
 i - 3 potions of brilliance {unknown}
 k - a potion of berserk rage {unknown}
 p - 5 potions of might {unknown}
 q - 5 potions of cancellation {unknown}
 z - a potion of heal wounds {unknown}
 B - a potion of attraction {unknown}
 C - 3 potions of curing
 E - a potion of lignification {unknown}
 H - a potion of degeneration {unknown}
 L - a potion of invisibility {unknown}


   Skills:
 + Level 5.4 Fighting
 + Level 5.3 Armour
 + Level 4.4 Dodging
 + Level 6.3 Stealth
 + Level 3.5 Shields
 * Level 6.9 Spellcasting
 + Level 5.4 Conjurations
 - Level 1.0 Transmutations
 * Level 9.5 Earth Magic


You had 7 spell levels left.
You knew the following spells:

 Your Spells              Type           Power        Failure   Level
a - Sandblast             Erth           90%          1%          1
b - Passwall              Tmut/Erth      23%          1%          2
c - Stone Arrow           Conj/Erth      72%          1%          3
d - Petrify               Tmut/Erth      28%          11%         4
e - Lee's Rapid Deconstr  Erth           22%          5%          5

Your spell library contained the following spells:

 Spells                   Type           Power        Failure   Level
 Beastly Appendage        Tmut           20%          7%          1
 Wereblood                Tmut           10%          10%         2
 Spider Form              Tmut/Pois      4%           24%         3
 Ice Form                 Ice/Tmut       8%           63%         4
 Blade Hands              Tmut           5%           88%         5


Dungeon Overview and Level Annotations

Branches:
Dungeon (9/15)             Temple (1/1) D:6            Lair (0/6) D:8
    Orc: D:9-12

Altars:
Ashenzari
Cheibriados
Dithmenos
Elyvilon
Fedhas
Gozag
Hepliaklqana
Kikubaaqudgha
Makhleb
Nemelex Xobeh
Okawaru
Qazlal
Ru
Sif Muna
Trog
Uskayaw
Vehumet
Wu Jian
Xom
Yredelemnul
Zin
The Shining One

Shops:
D:5 [(:[=


Innate Abilities, Weirdness & Mutations

You are resistant to torment.
Your stone body is resilient. (AC +7)
You are immune to poison.
You resist negative energy. (rN+)
You are resistant to electric shocks. (rElec)
You can survive without breathing.
You are immune to petrification.
You are immune to miasma.


Message History

You hit the boulder beetle but do no damage.
The boulder beetle is almost dead.
The boulder beetle leaps!
Casting: Sandblast (safe; 1% risk of failure)
Confirm with . or Enter, or press ? or * to list all spells.
You can't see any susceptible monsters within range! (Use Z to cast anyway.)
The boulder beetle curls into a ball and begins rolling!
Casting: Sandblast (safe; 1% risk of failure)
Confirm with . or Enter, or press ? or * to list all spells.
Aiming: Sandblast (safe; 1% risk of failure)
Press: ? - help, Shift-Dir - straight line, f/p - boulder beetle
Aim: a boulder beetle (almost dead, 0% to evade)
The blast of sand hits the boulder beetle but does no damage.
The boulder beetle is almost dead.
I - 70 stones You hit the boulder beetle.
The boulder beetle is almost dead.
The boulder beetle hits you!!!
Ouch! That really hurt!
You die...

..# ....# ....##
... ......
....########......
..................
..................
..................
..........@B......
............°.....
.............°....
..................
##################


You could see a boulder beetle.

Vanquished Creatures
  Maggie (D:9)
  A komodo dragon (D:7)
  Grinder (D:3)
  A wyvern (D:8)
  A basilisk (D:9)
  A steam dragon (D:8)
  4 ice beasts
  Duvessa (D:6)
  2 sky beasts
  A necrophage (D:7)
  2 phantoms
  6 ogres
  A centaur (D:5)
  3 big kobolds
  Blork the orc (D:4)
  6 bullfrogs
  2 gnoll sergeants
  Dowan (D:6)
  A wyvern skeleton (D:6)
  4 scorpions
  9 wights (D:7)
  A howler monkey (D:5)
  A centaur zombie (D:5)
  3 jellies
  5 orc wizards
  Crazy Yiuf (D:7)
  A gnoll shaman (D:5)
  5 orc priests
  3 bullfrog skeletons
  5 hounds
  2 centaur skeletons (D:7)
  Natasha (thrice) (D:4)
  Ijyb (D:5)
  2 iguanas
  3 worker ants
  A hound zombie (D:5)
  3 hound skeletons
  A howler monkey zombie (D:6)
  A worker ant zombie (D:7)
  19 gnolls
  9 adders
  A shadow imp (D:5)
  A white imp (D:4)
  3 ufetubi
  8 oozes (D:4)
  3 adder skeletons
  2 worms (D:3)
  A dart slug (D:3)
  6 leopard geckos
  22 orcs
  6 bats
  4 giant cockroaches
  6 goblins
  9 hobgoblins
  9 jackals
  39 kobolds
  7 quokkas
  A ball python (D:5)
  A ball python zombie (D:6)
  6 frilled lizards
  A leopard gecko skeleton (D:5)
  A leopard gecko zombie (D:7)
  2 quokka zombies
  10 rats
269 creatures vanquished.

Vanquished Creatures (others)
  3 fungi (D:4)
  5 plants (D:8)
  6 toadstools (D:4)
14 creatures vanquished.

Grand Total: 283 creatures vanquished

Notes
Turn   | Place    | Note
-------+----------+-------------------------------------------
     0 | D:1      | Zeld the Gargoyle Earth Elementalist began the quest for
                  | the Orb.
     0 | D:1      | Reached XP level 1. HP: 10/10 MP: 3/3
   212 | D:1      | Reached XP level 2. HP: 16/16 MP: 1/5
   260 | D:1      | Learned a level 2 spell: Passwall
   547 | D:1      | Reached skill level 1 in Transmutations
   670 | D:2      | Reached skill level 4 in Earth Magic
   703 | D:2      | Reached XP level 3. HP: 20/20 MP: 3/6
   707 | D:2      | Learned a level 3 spell: Stone Arrow
  1511 | D:3      | Reached skill level 1 in Fighting
  1661 | D:3      | Reached skill level 1 in Armour
  1661 | D:3      | Reached XP level 4. HP: 25/25 MP: 5/7
  1930 | D:3      | Noticed Grinder
  2454 | D:3      | Killed Grinder
  2455 | D:3      | Reached skill level 1 in Conjurations
  2455 | D:3      | Reached skill level 5 in Earth Magic
  2455 | D:3      | Reached XP level 5. HP: 26/30 MP: 1/9
  2455 | D:3      | Reached XP level 6. HP: 30/35 MP: 1/10
  2460 | D:3      | Learned a level 4 spell: Petrify
  3538 | D:2      | Reached XP level 7. HP: 26/40 MP: 6/12
  4442 | D:4      | Noticed Natasha
  4448 | D:4      | Killed Natasha
  4495 | D:4      | Reached skill level 6 in Earth Magic
  4869 | D:4      | Noticed Natasha
  4874 | D:4      | Killed Natasha
  4965 | D:4      | Noticed Natasha
  4970 | D:4      | Killed Natasha
  4999 | D:4      | Reached XP level 8. HP: 46/46 MP: 12/14
  5047 | D:4      | Learned a level 5 spell: Lee's Rapid Deconstruction
  5097 | D:4      | Noticed Blork the orc
  5102 | D:4      | Killed Blork the orc
  5539 | D:5      | Entered Level 5 of the Dungeon
  5573 | D:5      | Noticed Ijyb
  5582 | D:5      | Killed Ijyb
  5588 | D:5      | Found Feheazy's Weapon Emporium.
  5979 | D:5      | Reached skill level 7 in Earth Magic
  6044 | D:5      | Reached skill level 5 in Spellcasting
  6217 | D:5      | Found Dosaffec's Book Boutique.
  6218 | D:5      | Found a broken altar of Ashenzari.
  6231 | D:5      | Reached XP level 9. HP: 49/52 MP: 12/16
  6320 | D:5      | Found Ceodoqag's Antique Armour Shop.
  6558 | D:5      | Found Emekkyzu's Armour Emporium.
  6566 | D:5      | Bought the cursed +1 robe of Resonance {*Contam Will++
                  | MP+9} for 408 gold pieces
  6841 | D:5      | Found Nicuojom's Jewellery Emporium.
  7011 | D:6      | Found a staircase to the Ecumenical Temple.
  7021 | Temple   | Entered the Ecumenical Temple
  7167 | D:6      | Reached skill level 5 in Stealth
  7383 | D:6      | Reached skill level 1 in Shields
  7596 | D:6      | You fall into a shaft and drop 1 floor!
  7670 | D:7      | Reached skill level 8 in Earth Magic
  7812 | D:6      | Noticed Duvessa
  7813 | D:6      | Noticed Dowan
  7820 | D:6      | Killed Duvessa
  7825 | D:6      | Killed Dowan
  8565 | D:7      | Found a runed translucent door.
  8566 | D:7      | Noticed Crazy Yiuf
  8573 | D:7      | Killed Crazy Yiuf
  8656 | D:7      | Reached XP level 10. HP: 57/58 MP: 19/19
  8871 | D:7      | Found a burning altar of Makhleb.
  8948 | D:8      | Reached skill level 5 in Fighting
  9252 | D:8      | Found a staircase to the Lair.
  9736 | D:8      | Reached skill level 5 in Conjurations
  9860 | D:8      | Reached skill level 9 in Earth Magic
 10483 | D:8      | Reached skill level 5 in Armour
 11918 | D:9      | Noticed Maggie
 11926 | D:9      | Killed Maggie
 12105 | D:9      | You fall into a shaft and drop 2 floors!
 12106 | D:11     | Noticed a boulder beetle
 12140 | D:11     | Annihilated by a boulder beetle

Illustrated notes

Levels and vault maps discovered:
D:1:      wander_arrival_peaceful_grave, layout_rooms
D:2:      layout_loops_ring, dk_noncrumbling_2
D:3:      minmay_goblin_kobold_castle, layout_rooms, uniq_grinder
D:4:      cheibrodos_fertilizer, layout_loops_corners, uniq_blork_the_orc,
          uniq_natasha
D:5:      minmay_general_purpose_star, layout_basic, serial_shops, shop, shop,
          nicolae_shop_crystal, shop, shop_fountains, basic_altar,
          minmay_misc_feat_rows, uniq_ijyb
D:6:      layout_layer_cave, minmay_temple_entry_hall, uniq_duvessa
D:7:      layout_cave_pools, makhleb_blood_cavern_becter,
          uniq_crazy_yiuf_cottage
D:8:      layout_loops_corners, david_lair_shrubbed, centaur_isle
D:9:      layout_long_grid, uniq_maggie, uniq_erolcha
D:11:     layout_irregular_city, david_orc_3, gammafunk_ghost_split,
          amcnicky_mini_pool_small
Temple:   grunt_wide_crystal_templ

Skill      XL: |  1  2  3  4  5  6  7  8  9 10 |
---------------+-------------------------------+-----
Transmutations | 1 |  1.0
Earth Magic    | 4 5 6 7 8 9 |  9.5
Fighting       | 1 2 3 4 5 |  5.4
Armour         | 1 2 3 4 5 |  5.3
Dodging        | 2 3 4 |  4.4
Stealth        | 3 4 5 6 |  6.3
Spellcasting   | 3 4 5 6 |  6.9
Conjurations   | 1 2 3 4 5 |  5.4
Shields        | 2 3 |  3.5

Action                   |  1- 3 |  4- 6 |  7- 9 | 10-12 || total
-------------------------+-------+-------+-------+-------++-------
Melee: Unarmed           |     2 |       |       |       ||     2
       Dagger            |     8 |    41 |       |       ||    49
       Whip              |       |       |    33 |       ||    33
       Mace              |       |       |       |    39 ||    39
 Cast: Sandblast         |    50 |    82 |   237 |    22 ||   391
       Stone Arrow       |       |       |    12 |   105 ||   117
Evoke: Wand              |       |       |       |     8 ||     8
 Stab: Sleeping          |       |       |     1 |       ||     1
Armor: Robe              |     3 |    34 |    75 |    36 ||   148
Dodge: Dodged            |    18 |    68 |   151 |    89 ||   326
       Repelled          |       |       |     1 |       ||     1
Block: Buckler           |       |       |    20 |    21 ||    41
